 Dungeon Crawl Stone Soup version 0.27-a0-1071-ga85bd9520d (console) character file.

Game seed: 9025995986954444725

390 nht the Cutter (level 6, 0/61 HPs)
             Began as a Demonspawn Earth Elementalist on Apr 24, 2021.
             Was a Follower of Nemelex Xobeh.
             Slain by a wight
             ... wielding a +5 battleaxe of freezing
              (21 damage)
             ... on level 6 of the Dungeon.
             The game lasted 00:06:45 (2886 turns).

nht the Cutter (Demonspawn Earth Elementalist)      Turns: 2886, Time: 00:06:46

Health: 0/61       AC:  7    Str:  8    XL:     6   Next: 50%
Magic:  9/9        EV: 12    Int: 18    God:    Nemelex Xobeh [*.....]
Gold:   81         SH:  0    Dex: 14    Spells: 8/9 levels left

rFire    . . .     SeeInvis .   e - +4 dagger (elec)
rCold    . . .     Faith    .   (no shield)
rNeg     . . .     Spirit   .   c - +0 robe
rPois    .         Reflect  .   (no helmet)
rElec    .         Harm     .   (no cloak)
rCorr    +         Rampage  .   (no gloves)
Will     .....                  f - +1 pair of boots
Stlth    ..........             h - amulet of magic regeneration
HPRegen  0.20/turn              g - ring of resist corrosion
MPRegen  0.36/turn              (no ring)

@: berserking, very quick
A: icy blue scales 2, sense surroundings 1, MP-powered wands
a: Renounce Religion, Draw Escape, Draw Destruction, Draw Summoning


You were on level 6 of the Dungeon.
You worshipped Nemelex Xobeh.
Nemelex Xobeh was aware of your devotion.
You visited 1 branch of the dungeon, and saw 6 of its levels.

You collected 81 gold pieces.

Inventory:

Hand Weapons
 d - a +0 war axe
 e - a +4 dagger of electrocution (weapon)
Armour
 c - a +0 robe (worn)
 f - a +1 pair of boots (worn)
Jewellery
 b - an amulet of the acrobat
 g - a ring of resist corrosion (left hand)
 h - an amulet of magic regeneration (around neck)
Scrolls
 j - a scroll of amnesia
Potions
 m - a potion of curing {unknown}


   Skills:
 + Level 5.2 Short Blades
 - Level 1.7 Dodging
 - Level 1.7 Stealth
 - Level 2.0 Spellcasting
 - Level 0.8 Transmutations
 - Level 4.0 Earth Magic


You had 8 spell levels left.
You knew the following spells:

 Your Spells              Type           Power      Damage    Failure   Level
a - Sandblast             Erth           32%        2d9       3%          1

Your spell library contained the following spells:

 Spells                   Type           Power      Damage    Failure   Level
 Passwall                 Tmut/Erth      8%         N/A       10%         2
 Beastly Appendage        Tmut           8%         N/A       13%         1
 Wereblood                Tmut           4%         N/A       19%         2
 Stone Arrow              Conj/Erth      18%        3d8       24%         3
 Spider Form              Tmut/Pois      1%         N/A       41%         3
 Petrify                  Tmut/Erth      10%        N/A       54%         4
 Lee's Rapid Deconstruct  Erth           8%         3d8*      67%         5
 Ice Form                 Ice/Tmut       3%         N/A       83%         4
 Hydra Form               Tmut           2%         N/A       98%         5


Dungeon Overview and Level Annotations

Branches:
Dungeon (7/15)
 Temple: D:4-7

Altars:
Cheibriados
Nemelex Xobeh
Uskayaw

Shops:
D:1 !!   D:7 (

Annotations:
D:6 exclusion: 3 doors


Innate Abilities, Weirdness & Mutations

You are mostly covered in icy blue scales. (AC +3)
You passively map a small area around you.
You expend magic power (3 MP) to strengthen your wands.


Message History

You kill the worm!
Found a snail-covered altar of Cheibriados.
Found an escape hatch in the ceiling.
You open the door.
There is an open door here.
There is an escape hatch in the ceiling here.
A mysterious force pulls you upwards. The hatch slams shut behind you.
Level annotation: exclusion: 3 doors The centaur wields a +0 shortbow.
The centaur shoots an arrow.
The arrow hits you!
The centaur shoots an arrow.
The arrow hits you!
The centaur shoots an arrow.
The arrow closely misses you. The gnoll misses you.
Okay, then.
Okay, then.
It was a potion of mutation.
You feel extremely strange.
You feel your magical essence link to the dungeon's wands.
You feel a strange attunement to the structure of the dungeons.
The wyvern skeleton barely misses you. The gnoll barely misses you.
It was a potion of berserk rage.
A red film seems to cover your vision as you go berserk!
You feel yourself moving faster!
You feel mighty!
The gnoll hits you from afar with a +0 spear!
You hit the centaur.
The centaur is moderately wounded.
You puncture the centaur!
The centaur is severely wounded.
The centaur unwields a +0 shortbow.
The centaur barely misses you. The centaur closely misses you.
The wight closely misses you.
A wight comes into view. It is wielding a +0 great sword.
The gnoll hits you from afar with a +0 spear.
You closely miss the centaur.
The centaur is heavily wounded.
The wyvern skeleton barely misses you. The centaur misses you.
The centaur closely misses you.
Unknown command.
You puncture the centaur!
You kill the centaur!
The wight hits you with a +5 battleaxe of freezing!!
You die...
Your body disappears without a glow. ████████

*...... ██......██████████......
██........█............(.
█........................
█........................
███.........g.............. ≈≈
≈≈≈█...........g.............. ≈≈
≈≈≈██.........z.z...z.>......█
..♣...+.██......@Z█.........██.█.
≈≈.≈≈≈█..........Z.........██
≈≈.;≈ █............█████...█*
≈≈S≈ ██.█..........█* )..██
█+███.██..........█ ....█
█)█................$...███
██....████.........█..z█ ,
......█ ██........█.. *
███...███████...█...g


You could see 3 wights, 2 gnolls, a bullfrog skeleton and a wyvern skeleton.

Vanquished Creatures
  A water moccasin (D:6)
  An ogre (D:3)
  A centaur (D:6)
  A hound (D:7)
  A centaur skeleton (D:7)
  Terence (D:3)
  4 adders
  A white imp (D:3)
  2 worms
  A dart slug (D:2)
  An orc (D:7)
  2 bats
  5 endoplasms
  3 giant cockroaches
  6 goblins
  8 hobgoblins
  5 jackals
  5 kobolds
  6 quokkas
  9 ball pythons
  A frilled lizard (D:1)
  7 rats
72 creatures vanquished.

Notes
Turn   | Place    | Note
-------+----------+-------------------------------------------
     0 | D:1      | nht the Demonspawn Earth Elementalist began the quest for
                  | the Orb.
     0 | D:1      | Reached XP level 1. HP: 13/13 MP: 3/3
   208 | D:1      | Gained mutation: You are partially covered in icy blue
                  | scales. (AC +2) [demonic ancestry]
   208 | D:1      | Reached XP level 2. HP: 18/19 MP: 0/5
   442 | D:1      | Found a faded altar of an unknown god.
   686 | D:1      | Found Qecommef's Distillery.
   711 | D:1      | Found Tirph's Distillery.
   746 | D:1      | Reached XP level 3. HP: 24/24 MP: 6/6
  1312 | D:2      | Reached skill level 1 in Short Blades
  1573 | D:2      | Found a sparkling altar of Nemelex Xobeh.
  1629 | D:2      | Became a worshipper of Nemelex Xobeh the Trickster
  1725 | D:3      | Reached XP level 4. HP: 30/30 MP: 4/7
  1740 | D:3      | Reached skill level 2 in Short Blades
  1741 | D:3      | Noticed an ogre
  1746 | D:3      | Killed an ogre
  1746 | D:3      | Noticed Terence
  1747 | D:3      | Reached skill level 3 in Short Blades
  1747 | D:3      | Gained mutation: You are mostly covered in icy blue scales.
                  | (AC +3) [demonic ancestry]
  1747 | D:3      | Reached XP level 5. HP: 5/35 MP: 0/8
  2163 | D:3      | Killed Terence
  2416 | D:3      | You fall into a shaft and drop 3 floors!
  2417 | D:6      | Noticed a water moccasin
  2417 | D:6      | Killed a water moccasin
  2418 | D:6      | Reached skill level 4 in Short Blades
  2418 | D:6      | Reached XP level 6. HP: 41/41 MP: 9/9
  2468 | D:6      | Noticed a water moccasin
  2567 | D:6      | Reached * piety under Nemelex Xobeh
  2595 | D:7      | Found a hide-covered altar of Uskayaw.
  2598 | D:7      | Reached skill level 5 in Short Blades
  2639 | D:7      | Found Bieprav's Weapon Emporium.
  2641 | D:7      | Received a gift from Nemelex Xobeh
  2869 | D:7      | Found a snail-covered altar of Cheibriados.
  2881 | D:6      | Gained mutation: You expend magic power (3 MP) to
                  | strengthen your wands. [potion of mutation]
  2881 | D:6      | Gained mutation: You passively map a small area around you.
                  | [potion of mutation]
  2886 | D:6      | Slain by a wight

Illustrated notes

Levels and vault maps discovered:
D:1:      erik_arrival_triangle_medium, layout_loops_corners,
          shapermc_ecumenical_altar_starsandcircs, serial_shops,
          nicolae_shop_window_shopping, shop, corexii_leaking_fountain
D:2:      layout_rooms, basic_altar
D:3:      layout_rooms, st_stairs_1, uniq_terence
D:4:      layout_layer_cave, minitemple, minmay_misc_feat_iff
D:6:      layout_rooms, kennysheep_flooded_box, kennysheep_pointless_box
D:7:      layout_cave_pods, chei_slow_surprise, eat_drink_and_be_merry_uskayaw,
          minmay_temple_entry_glassed_door, serial_shops, shop

Skill      XL: |  1  2  3  4  5  6 |
---------------+-------------------+-----
Earth Magic    | 3 4 |  4.0
Short Blades   | 1 3 4 5 |  5.2
Dodging        | |  1.7
Stealth        | |  1.7
Spellcasting   | |  2.0
Transmutations | |  0.8

Action                   |  1- 3 |  4- 6 || total
-------------------------+-------+-------++-------
Melee: Dagger            |    12 |    40 ||    52
       War axe           |     1 |       ||     1
 Cast: Sandblast         |    55 |    21 ||    76
  Use: Scroll            |       |     5 ||     5
       Potion            |       |     3 ||     3
 Stab: Sleeping          |     1 |     1 ||     2
Armor: Robe              |     5 |    17 ||    22
Dodge: Dodged            |    16 |    37 ||    53

Table legend: (Time is in decaauts)
 A = Elapsed time spent in this place.
 B = Non-inter-level travel time spent in this place.
 C = Inter-level travel time spent in this place.
 D = Time resting spent in this place.
 E = Time spent auto-exploring this place.
 F = Levels seen in this place.
 G = Mean time per level.
                   A        B        C        D        E       F      G
               +--------+--------+--------+--------+--------+-----+--------+
         Total |   2859 |   2756 |    103 |      0 |   2228 |   6 |  476.5 |
       Dungeon |   2859 |   2756 |    103 |      0 |   2228 |   6 |  476.5 |
               +--------+--------+--------+--------+--------+-----+--------+

Top non-repeatable levels by time:
     D:1: 1180 daAuts
     D:3: 732 daAuts
     D:2: 474 daAuts
     D:7: 277 daAuts
     D:6: 185 daAuts
     D:4: 10 daAuts
